 Dungeon Crawl Stone Soup version 0.27.1-34-g3ba077fa99 (webtiles) character file.

Game seed: 15827326646849126037

0 cbfl8 the Sneak (level 1, -1/19 HPs)
             Began as a Minotaur Delver on Jan 26, 2022.
             Was an Initiate of Yredelemnul.
             Slain by a water moccasin skeleton (5 damage)
             ... on level 5 of the Dungeon.
             The game lasted 00:01:33 (290 turns).

cbfl8 the Sneak (Minotaur Delver)                    Turns: 290, Time: 00:01:34

Health: -1/19      AC:  3    Str: 16    XL:     1   Next: 0%
Magic:  0/0        EV: 11    Int:  7    God:    Yredelemnul [......]
Gold:   11         SH:  0    Dex: 11    Spells: 0/0 levels left

rFire    . . .     SeeInvis .   a - +0 hand axe
rCold    . . .     Faith    .   (no shield)
rNeg     . . .     Spirit   .   b - +0 leather armour
rPois    .         Reflect  .   (helmet restricted)
rElec    .         Harm     .   (no cloak)
rCorr    .         Rampage  .   (no gloves)
Will     .....                  (no boots)
Stlth    ++........             (no amulet)
HPRegen  0.06/turn              (no ring)
MPRegen  0.07/turn              (no ring)

@: no status effects
A: horns 2, retaliatory headbutt
a: Renounce Religion


You were on level 5 of the Dungeon.
You worshipped Yredelemnul.
Yredelemnul was noncommittal.
You visited 2 branches of the dungeon, and saw 2 of its levels.

You collected 11 gold pieces.

Inventory:

Hand Weapons
 a - a +0 hand axe (weapon)
Armour
 b - a +0 leather armour (worn)
Wands
 g - a wand of digging (3)
Scrolls
 c - a scroll of fog
 e - a scroll of fear
Potions
 f - a potion of haste


   Skills:
 + Level 3.6 Fighting
 + Level 2.4 Axes
 + Level 2.1 Dodging
 + Level 4.1 Stealth


You couldn't memorise any spells.
You didn't know any spells.
Your spell library was empty.

Dungeon Overview and Level Annotations

Branches:
Dungeon (5/15)             Temple (1/1) D:5

Altars:
Elyvilon
Gozag
Hepliaklqana
Makhleb
Okawaru
Qazlal
Ru
Wu Jian
Xom
Yredelemnul
The Shining One
Lugonu

Annotations:
D:5 Menkaure


Innate Abilities, Weirdness & Mutations

You have a pair of horns on your head.
You reflexively headbutt those who attack you in melee.


Message History

As you read the scroll of magic mapping, it crumbles to dust.
You feel aware of your surroundings.
You sensed 1 altar.
There is a staircase to the Ecumenical Temple here.
Found a stone staircase leading down.
Found a leather armour.
A water moccasin skeleton comes into view.
Found a dagger.
The water moccasin skeleton bites you.
There is a stone staircase leading down here.
You closely miss the water moccasin skeleton.
You headbutt the water moccasin skeleton.
The water moccasin skeleton is lightly damaged.
The water moccasin skeleton bites you but does no damage.
You barely miss the water moccasin skeleton.
The water moccasin skeleton is lightly damaged.
The water moccasin skeleton bites you.
The water moccasin skeleton closely misses you.
You barely miss the water moccasin skeleton.
You headbutt the water moccasin skeleton!
The water moccasin skeleton is moderately damaged.
The water moccasin skeleton bites you but does no damage.
You barely miss the water moccasin skeleton.
The water moccasin skeleton is moderately damaged.
The water moccasin skeleton bites you.
You hit the water moccasin skeleton.
You headbutt the water moccasin skeleton, but do no damage.
The water moccasin skeleton is heavily damaged.
The water moccasin skeleton bites you.
* * * LOW HITPOINT WARNING * * *
The water moccasin skeleton closely misses you.
You barely miss the water moccasin skeleton.
The water moccasin skeleton is heavily damaged.
The water moccasin skeleton bites you but does no damage.
You hit the water moccasin skeleton.
You headbutt the water moccasin skeleton.
The water moccasin skeleton is severely damaged.
The water moccasin skeleton barely misses you.
The water moccasin skeleton bites you.
You die...
Your body rises from the dead as a mindless zombie.

.###.......)###*,,,,,,,,,,,*
.)..#......,.....,,,,,,,,,***
......#....##....,*,***,,,,,*
............#....**,* **,,,,***
................#**,* **,,*,,,***
.#...#.........## *,###.,**,,,**⌠
#....#..#.......##*.....,,<,,,,**
...#....##.......#...#,,,,,,,,,,,
..#....###......@Z...#*,,,,,,,,**
.#####..##..............*,,,,,,*⌠
..#....##...............,,,,,,,**
...#....................,,,,,,,,,
#.......................,,,*,,,,,
.#...###................,,,*,,,,,
...#.##...........##....**,,,,,,,
.....###.........[#*#...***,,,,,,
.....##.....#.....#,*,,,***,,,,,,


You could see a water moccasin skeleton.

Vanquished Creatures (others)
  2 demonic plants (Temple)
2 creatures vanquished.

Notes
Turn   | Place    | Note
-------+----------+-------------------------------------------
     0 | D:5      | cbfl8 the Minotaur Delver began the quest for the Orb.
     0 | D:5      | Reached XP level 1. HP: 19/19 MP: 0/0
     4 | D:5      | Found a staircase to the Ecumenical Temple.
    17 | Temple   | Entered the Ecumenical Temple
   171 | Temple   | Became a worshipper of Yredelemnul the Dark
   233 | D:5      | Noticed Menkaure
   290 | D:5      | Slain by a water moccasin skeleton

Illustrated notes

Levels and vault maps discovered:
D:5:      layout_cave_pools, mainiacjoe_overflow_alcove_2,
          minmay_temple_entry_arrows, serial_gnoll_camp,
          gnoll_camp_mini_doghouse, gnoll_camp_huts_basic, gnoll_camp_mini_hut,
          gnoll_camp_mini_doghouse, gnoll_camp_mini_house, uniq_menkaure
Temple:   kb_corrupted_temple

Action                   || total
-------------------------++-------
Melee: Hand axe          ||    13
       Headbutt          ||     6
  Use: Scroll            ||     1
Armor: Leather armour    ||     3
Dodge: Dodged            ||     3
